 Dungeon Crawl Stone Soup version 0.29-a0-577-gafbf2c5d25 (webtiles) character file.

Game seed: 3386528962369397247

359 kae the Firebug (level 6, -5/32 (35) HPs)
             Began as a Deep Elf Fire Elementalist on June 13, 2022.
             Slain by a gnoll
             ... wielding a +2 whip of draining
              (6 damage)
             ... on level 3 of the Dungeon.
             The game lasted 00:02:28 (3697 turns).

kae the Firebug (Deep Elf Fire Elementalist)        Turns: 3697, Time: 00:02:28

HP:   -5/32 (35)    AC:  2    Str:  5    XL:     6   Next: 37%
MP:   10/14         EV: 13    Int: 22    God:
Gold: 180           SH:  0    Dex: 15    Spells: 7/13 levels left

rFire   . . .      SeeInvis .   n - +2 scythe (vamp)
rCold   . . .      Faith    .   (shield currently unavailable)
rNeg    . . .      Spirit   .   a - +0 robe
rPois   .          Reflect  .   (no helmet)
rElec   .          Harm     .   (no cloak)
rCorr   .          Rampage  .   (no gloves)
Will    .....                   (no boots)
Stlth   ++........              (no amulet)
HPRegen 0.10/turn               (no ring)
MPRegen 0.14/turn               (no ring)

@: drained
A: no striking features
a: no special abilities


You were on level 3 of the Dungeon.
You visited 1 branch of the dungeon, and saw 3 of its levels.

You collected 180 gold pieces.

Inventory:

Hand Weapons
 n - a +2 vampiric scythe (weapon)
Armour
 a - a +0 robe (worn)
Jewellery
 h - a +4 ring of evasion
Wands
 i - a wand of polymorph (11)
Scrolls
 d - 5 scrolls of identify
 f - 4 scrolls of teleportation
 j - a scroll of enchant weapon {unknown}
 o - a scroll of magic mapping {unknown}
Potions
 b - a potion of magic
 c - a potion of curing {unknown}
 e - 2 potions of degeneration {unknown}
 g - 2 potions of flight {unknown}
 k - a potion of resistance {unknown}
 l - a potion of heal wounds {unknown}
 m - a potion of might {unknown}


   Skills:
 + Level 1.8 Fighting
 + Level 3.7 Dodging
 - Level 2.4 Stealth
 + Level 4.3 Spellcasting
 * Level 3.7 Conjurations
 * Level 5.1 Fire Magic


You had 7 spell levels left.
You knew the following spells:

 Your Spells              Type           Power      Damage    Failure   Level
a - Foxfire               Conj/Fire      96%        2x1d8     1%          1
b - Scorch                Fire           54%        2d8       1%          2
c - Conjure Flame         Conj/Fire      24%        6-21      5%          3

Your spell library contained the following spells:

 Spells                   Type           Power      Damage    Failure   Level
 Inner Flame              Hex/Fire       16%        N/A       12%         3
 Flame Wave               Conj/Fire      24%        2d7       17%         4


Dungeon Overview and Level Annotations

Branches:
Dungeon (3/15)

Altars:
Fedhas

Shops:
D:1 *


Message History

The foxfire hits the gnoll but does no damage.
The gnoll throws a silver boomerang.
The silver boomerang barely misses you.
Casting: Foxfire (safe; 1% risk of failure)
Confirm with . or Enter, or press ? or * to list all spells.
You conjure some foxfire!
The gnoll shouts!
The foxfire hits the gnoll.
The gnoll is moderately wounded.
The foxfire hits the gnoll but does no damage.
The gnoll is moderately wounded.
Casting: Foxfire (safe; 1% risk of failure)
Confirm with . or Enter, or press ? or * to list all spells.
You conjure some foxfire!
The gnoll closely misses you.
The gnoll hits you with a +2 whip of draining!
You feel drained.
The foxfire hits the gnoll but does no damage.
The foxfire hits the gnoll.
The gnoll is severely wounded.
The gnoll throws a silver boomerang.
The silver boomerang barely misses you.
The gnoll hits you from afar with a +0 halberd!
The gnoll misses you. The gnoll closely misses you.
Casting: Foxfire (safe; 1% risk of failure)
Confirm with . or Enter, or press ? or * to list all spells.
You conjure some foxfire!
The gnoll misses you.
The gnoll hits you from afar with a +0 spear.
* * * LOW HITPOINT WARNING * * *
The foxfire hits the gnoll.
The gnoll is moderately wounded.
The foxfire hits the gnoll but does no damage.
The gnoll is severely wounded.
The gnoll barely misses you.
The gnoll hits you with a +2 whip of draining.
* * * LOW HITPOINT WARNING * * *
You feel drained.
* * * LOW HITPOINT WARNING * * *
Okay, then.
Okay, then.
The gnoll attacks as you move away!
The gnoll hits you with a +2 whip of draining.
You die...

# ##.............#.# ##
#........####...## ... #.#....†##
##.## ###.. #.##....# #.# #.# #.
##.#)# #.# #.# #. #.#.# #'#
#.#### #. #.#.# ... #.....
#.###.#.# ..... ###..## #.@.g...#
g......
......###########g..####.........
.......)............)..'.........
.##...#####......gg.####.......>.
.##..#### #.#####...# .##.....#
..... .###.##.# .#.#.## .# #.##.#
#.....# .. ..##.# #.#.###


You could see 4 gnolls.

Vanquished Creatures
  Sigmund (D:2)
  Natasha (twice) (D:2)
  Robin (D:2)
  2 adders (D:3)
  2 gnolls (D:3)
  2 dart slugs
  5 orcs (D:3)
  8 endoplasms
  3 giant cockroaches
  15 goblins
  12 hobgoblins
  7 jackals
  6 quokkas
  5 ball pythons
  3 bats
  2 frilled lizards
  8 kobolds
  8 rats
92 creatures vanquished.

Vanquished Creatures (collateral kills)
  4 foxfires (D:2)
4 creatures vanquished.

Vanquished Creatures (others)
  242 foxfires
  66 plants (D:2)
308 creatures vanquished.

Grand Total: 404 creatures vanquished

Notes
Turn   | Place    | Note
-------+----------+-------------------------------------------
     0 | D:1      | kae the Deep Elf Fire Elementalist began the quest for the
                  | Orb.
     0 | D:1      | Reached XP level 1. HP: 10/10 MP: 6/6
   174 | D:1      | Reached XP level 2. HP: 15/15 MP: 4/8
   829 | D:1      | Found Riatsua's Assorted Antiques.
   901 | D:1      | Reached XP level 3. HP: 18/20 MP: 7/9
  1306 | D:1      | Learned a level 2 spell: Scorch
  1310 | D:1      | Learned a level 3 spell: Conjure Flame
  1578 | D:2      | Reached skill level 4 in Fire Magic
  2066 | D:2      | Reached XP level 4. HP: 24/24 MP: 1/11
  2121 | D:2      | Noticed Robin
  2130 | D:2      | Killed Robin
  2133 | D:2      | Reached skill level 1 in Fighting
  2590 | D:2      | Noticed Natasha
  2597 | D:2      | Killed Natasha
  2648 | D:2      | Found a blossoming altar of Fedhas.
  2812 | D:2      | Noticed Natasha
  2820 | D:2      | Killed Natasha
  2821 | D:2      | Reached XP level 5. HP: 29/29 MP: 5/12
  2940 | D:2      | Noticed Sigmund
  2948 | D:2      | Killed Sigmund
  2949 | D:2      | Reached skill level 5 in Fire Magic
  2949 | D:2      | Reached XP level 6. HP: 34/34 MP: 9/14
  3694 | D:3      | HP: 1/32 [gnoll/+2 whip of draining (1)]
  3697 | D:3      | Slain by a gnoll

Illustrated notes

Levels and vault maps discovered:
D:1:      saegor_arrival_miasma, layout_basic, serial_shops,
          nicolae_shop_window_shopping
D:2:      cheibrodos_greedy_goblins, layout_basic, basic_altar,
          chequers_serial_rivers_micro_d, kennysheep_boxes, uniq_sigmund,
          uniq_robin, uniq_natasha
D:3:      layout_loops_corners

Skill      XL: |  1  2  3  4  5 |
---------------+----------------+-----
Conjurations   | 2 3 |  3.7
Fire Magic     | 4 5 |  5.1
Dodging        | 3 |  3.7
Fighting       | 1 |  1.8
Spellcasting   | 4 |  4.3
Stealth        | |  2.4

Action                   |  1- 3 |  4- 6 || total
-------------------------+-------+-------++-------
Melee: Unarmed           |     1 |     1 ||     2
       Punch             |     1 |     1 ||     2
       Scythe            |       |     1 ||     1
 Cast: Foxfire           |    84 |    62 ||   146
       Scorch            |     1 |     5 ||     6
  Use: Scroll            |     2 |     1 ||     3
Armor: Robe              |     4 |     3 ||     7
Dodge: Dodged            |    22 |    26 ||    48

Table legend: (Time is in decaauts)
 A = Elapsed time spent in this place.
 B = Non-inter-level travel time spent in this place.
 C = Inter-level travel time spent in this place.
 D = Time resting spent in this place.
 E = Time spent auto-exploring this place.
 F = Levels seen in this place.
 G = Mean time per level.
                   A        B        C        D        E       F      G
               +--------+--------+--------+--------+--------+-----+--------+
         Total |   3697 |   3607 |     90 |    116 |   2961 |   3 | 1232.3 |
       Dungeon |   3697 |   3607 |     90 |    116 |   2961 |   3 | 1232.3 |
               +--------+--------+--------+--------+--------+-----+--------+

Top non-repeatable levels by time:
     D:2: 1556 daAuts
     D:1: 1481 daAuts
     D:3: 659 daAuts
